 Dungeon Crawl Stone Soup version 0.26.1-11-gd32895ea62 (webtiles) character file.

Game seed: 8075704010056574287

1878 jlumianski the Summoner (level 8, -12/31 HPs)
             Began as a Felid Summoner on May 27, 2021.
             Was a Believer of Dithmenos.
             Killed from afar by an orc sorcerer (21 damage)
             ... with a bolt of fire
             ... on level 1 of the Orcish Mines.
             The game lasted 01:38:56 (16599 turns).

jlumianski the Summoner (Felid Summoner)           Turns: 16599, Time: 01:38:58

Health: -12/31     AC:  2    Str:  4    XL:     8   Next: 91%
Magic:  11/31      EV: 19    Int: 19    God:    Dithmenos [**....]
Gold:   684        SH:  0    Dex: 17    Spells: 16/25 levels left
                                        Lives:  0   Deaths: 2

rFire    . . .     SeeInvis +     - Unarmed
rCold    . . .     Faith    .   (shield unavailable)
rNeg     . . .     Spirit   .   (armour unavailable)
rPois    .         Reflect  .   (helmet unavailable)
rElec    .         Harm     .   (cloak unavailable)
rCorr    +         Rampage  .   (gloves unavailable)
Will     +....                  (boots unavailable)
Stlth    ++++......             F - amulet of magic regeneration
HPRegen  0.10/turn              e - ring of resist corrosion
MPRegen  0.47/turn              s - ring of magical power

@: wreathed by umbra, quick
A: very small, no armour, no weapons or thrown items, stealth, claws 1, fangs 3,
see invisible, speed 1, shaggy fur 2, sharp paws
a: Renounce Religion, Shadow Step


You were on level 1 of the Orcish Mines.
You worshipped Dithmenos.
Dithmenos was pleased with you.
You visited 3 branches of the dungeon, and saw 12 of its levels.
You also visited: Sewer.

You collected 684 gold pieces.

Inventory:

Jewellery
 e - a ring of resist corrosion (left paw)
 s - a ring of magical power (right paw)
 u - an uncursed ring of flight
 A - a cursed amulet of inaccuracy
 F - an amulet of magic regeneration (around neck)
Wands
 B - a wand of acid (13)
 C - a wand of digging (10)
 E - a wand of polymorph (7)
 I - a wand of flame (10)
Scrolls
 a - 9 scrolls of teleportation
 f - 7 scrolls of noise
 i - 3 scrolls of amnesia
 j - a scroll of random uselessness {unknown}
 l - 7 scrolls of identify
 m - 5 scrolls of fog
 q - a scroll of remove curse
 v - a scroll of fear {unknown}
 x - 4 scrolls of blinking
 y - a scroll of immolation
Potions
 b - 7 potions of heal wounds
 c - a potion of flight
 d - a potion of berserk rage
 g - 7 potions of magic
 h - 2 potions of degeneration
 k - a potion of lignification
 n - a potion of haste
 o - a potion of brilliance {unknown}
 p - 2 potions of resistance {unknown}
 r - 7 potions of curing
 t - a potion of mutation {unknown}
 z - 2 potions of ambrosia
 D - a potion of attraction {unknown}
Miscellaneous
 G - a condenser vane
 H - a lightning rod (4/4)


   Skills:
 + Level 0.4 Fighting
 + Level 3.9 Dodging
 * Level 4.6 Stealth
 + Level 2.1 Unarmed Combat
 + Level 9.1 Spellcasting
 + Level 4.0 Hexes
 + Level 9.2 Summonings
 * Level 0.7 Evocations


You had 16 spell levels left.
You knew the following spells:

 Your Spells              Type           Power        Failure   Level
a - Summon Small Mammal   Summ           100%         1%          1
b - Call Imp              Summ           43%          1%          2
c - Call Canine Familiar  Summ           43%          1%          3
d - Summon Guardian Gole  Hex/Summ       33%          1%          3

Your spell library contained the following spells:

 Spells                   Type           Power        Failure   Level
 Magic Dart               Conj           32%          9%          1
 Dazzling Flash           Conj/Hex       32%          11%         3
 Searing Ray              Conj           16%          12%         2
 Summon Ice Beast         Ice/Summ       26%          12%         4
 Summon Lightning Spire   Summ/Air       26%          12%         4
 Fulminant Prism          Conj/Hex       8%           34%         4
 Iskenderun's Mystic Bla  Conj/Tloc      8%           63%         4


Dungeon Overview and Level Annotations

Branches:
Dungeon (10/15)            Temple (1/1) D:7            Lair (0/6) D:8
    Orc (1/2) D:10          Sewer (visited)

Altars:
Cheibriados
Dithmenos
Gozag
Kikubaaqudgha
Nemelex Xobeh
Okawaru
Qazlal
Ru
Sif Muna
Trog
Uskayaw
Vehumet
Wu Jian
Yredelemnul

Shops:
D:5 ?   D:8 }


Innate Abilities, Weirdness & Mutations

You cannot wear armour.
You are incapable of wielding weapons or throwing items.
Your paws allow you to move quietly. (Stealth)
You have sharp claws.
You have razor-sharp teeth.
You have supernaturally acute eyesight. (SInv)
You cover ground quickly.
You are covered in thick fur. (AC +2)
Your sharp claws are effective at attacking unaware monsters.


Message History

Confirm with . or Enter, or press ? or * to list all spells.
Your wolf bites the orc warrior but does no damage.
Your wolf barely misses the orc warrior.
You swap places.
The orc warrior hits you from afar with a +3 trident!
The orc hits your rat but does no damage.
Your wolf bites the orc warrior.
Your wolf misses the orc warrior.
Your rat is engulfed in blazing flames.
Your rat dies!
Your rat's corpse disappears in a puff of smoke!
Your crimson imp hits the orc sorcerer but does no damage.
The orc warrior hits you from afar with a +3 trident.
* * * LOW HITPOINT WARNING * * *
The orc completely misses your crimson imp.
The orc sorcerer gestures at you while chanting.
The bolt of fire hits your guardian golem!!
Your guardian golem resists.
The bolt of fire hits you!!
Ouch! That really hurt!
You die...

*** **,** *,,,* ***
**,****,** ###*
**,.,**,,,*
##..#######...,***,**
#....#........,,**,,***
##.r5.@.......,**,,,,,,
#..o8h..).....,,*,,,,,,
##.#o5§#.#...#,,,,,,,,,
##oo§.§##,..#,,,,,,,*,
#..o○○##**,,#,,,,,,,,,
##...##***,,,,,,,,,,*,
***##...*,*,,,,,,,,,,,,*
**,**.....,,*,,,,,,,,,,,,
*,,,,.....,,,**,,,,,,,,,,


You could see an orc sorcerer, an orc warrior, an orc priest, 2 orcs, a friendly
guardian golem (summoned), a friendly wolf (summoned, sheltered), 2 friendly
crimson imps and a friendly quokka (summoned, sheltered).

Vanquished Creatures
  The ghost of 0gre the Frost Mage, a novice GnIE of Vehumet (D:8)
  2 orc wizards (D:7)
  A worker ant zombie (D:10)
  An adder (Sewer)
  A river rat (Sewer)
  A shadow imp (D:8)
  2 leopard geckos (D:5)
  3 orcs
  2 ball pythons (Sewer)
  2 bats (D:4)
  2 frilled lizards
  A kobold (D:2)
  2 rats
21 creatures vanquished.

Vanquished Creatures (collateral kills)
  An ugly thing (D:8)
  Sigmund (D:6)
  A water moccasin (D:7)
  2 sky beasts
  2 orc warriors
  3 ice beasts
  4 ogres
  2 centaurs
  A big kobold (D:9)
  5 bullfrogs
  4 scorpions
  4 howler monkeys
  A centaur zombie (D:6)
  3 bullfrog zombies
  7 hounds
  3 orc priests
  A bullfrog skeleton (D:8)
  Crazy Yiuf (D:4)
  3 centaur skeletons
  3 iguanas
  12 orc wizards
  2 worker ants
  A killer bee zombie (D:8)
  A hound zombie (D:7)
  A hound skeleton (D:5)
  A worker ant zombie (D:9)
  Robin (D:3)
  17 adders
  A howler monkey skeleton (D:8)
  19 gnolls
  6 river rats (Sewer)
  2 shadow imps
  2 white imps (D:5)
  An ufetubus (D:7)
  An adder zombie (D:3)
  4 adder skeletons
  3 worms
  A dart slug (D:2)
  4 leopard geckos
  39 orcs
  5 bats
  6 giant cockroaches
  13 goblins
  9 hobgoblins
  2 jackals
  17 kobolds
  3 quokkas
  14 ball pythons
  7 frilled lizards
  A jackal skeleton (D:4)
  A quokka skeleton (D:4)
  25 rats
274 creatures vanquished.

Vanquished Creatures (others)
  A two-headed ogre (D:8)
  Maggie (D:6)
  A komodo dragon (D:7)
  Prince Ribbit (D:5)
  Duvessa (D:5)
  3 orc warriors
  A centaur (D:6)
  Dowan (D:5)
  An iguana (D:8)
  An orc wizard (D:5)
  A gnoll (D:6)
  6 orcs
  16 fungi (D:4)
  56 plants
91 creatures vanquished.

Grand Total: 386 creatures vanquished

Notes
Turn   | Place    | Note
-------+----------+-------------------------------------------
     0 | D:1      | jlumianski the Felid Summoner began the quest for the Orb.
     0 | D:1      | Reached XP level 1. HP: 7/7 MP: 4/4
   254 | D:1      | You fall into a shaft and drop 1 floor!
   616 | D:1      | Reached XP level 2. HP: 11/11 MP: 1/6
   701 | D:1      | Learned a level 2 spell: Call Imp
  2063 | D:2      | Reached XP level 3. HP: 14/14 MP: 1/7
  2067 | D:2      | Learned a level 3 spell: Call Canine Familiar
  2890 | D:2      | Found an ornate altar of the Wu Jian Council.
  3514 | D:3      | Reached XP level 4. HP: 15/18 MP: 0/9
  3554 | D:3      | Noticed Robin
  3907 | D:3      | Killed Robin
  4117 | D:3      | Reached skill level 5 in Summonings
  4478 | D:4      | Learned a level 3 spell: Summon Guardian Golem
  4927 | D:3      | Reached XP level 5. HP: 21/21 MP: 2/11
  5106 | D:4      | Reached skill level 1 in Unarmed Combat
  5978 | D:3      | Gained mutation: You are covered in thick fur. (AC +2)
                  | [Felid growth]
  5978 | D:3      | Reached XP level 6. HP: 22/24 MP: 3/13
  6255 | D:4      | Found a runed translucent door.
  6256 | D:4      | Noticed Crazy Yiuf
  6769 | D:4      | Killed Crazy Yiuf
  6878 | D:5      | Entered Level 5 of the Dungeon
  6916 | D:5      | HP: 1/24 [white imp/puff of frost (9)]
  7217 | D:5      | Found a glowing drain.
  7221 | Sewer    | Entered a sewer
  7852 | Sewer    | Reached skill level 5 in Spellcasting
  7852 | Sewer    | Reached XP level 7. HP: 22/28 MP: 15/15
  8043 | D:5      | Noticed Prince Ribbit
  8079 | D:5      | Killed Prince Ribbit
  8822 | D:5      | Noticed Duvessa
  8823 | D:5      | Noticed Dowan
  8839 | D:5      | Killed Dowan
  8841 | D:5      | Killed Duvessa
  8966 | D:5      | Reached skill level 1 in Hexes
  9054 | D:5      | Found Qikaleuts's Magic Scroll Shop.
  9108 | D:6      | Noticed Maggie
  9147 | D:6      | Killed from afar by Maggie
  9148 | D:6      | Reached XP level 6. HP: -2/25 MP: 16/24
  9445 | D:6      | Killed an ice beast
  9450 | D:6      | Noticed Sigmund
  9460 | D:6      | Killed Sigmund
  9461 | D:6      | Reached XP level 7. HP: 28/28 MP: 13/17
  9819 | D:6      | Found an ancient bone altar of Kikubaaqudgha.
 10026 | D:6      | Killed Maggie
 11075 | D:7      | Reached XP level 8. HP: 31/31 MP: 19/19
 11082 | D:7      | Found a staircase to the Ecumenical Temple.
 11093 | Temple   | Entered the Ecumenical Temple
 11129 | Temple   | Became a worshipper of Dithmenos the Shadowed
 11873 | D:7      | Found a shimmering blue altar of Sif Muna.
 12054 | D:8      | Found a staircase to the Lair.
 12055 | D:8      | Noticed a komodo dragon
 12311 | D:7      | Killed a komodo dragon
 12495 | D:8      | Found a runed translucent gate.
 12495 | D:8      | Found a runed translucent gate.
 12495 | D:8      | Found an opulent altar of Gozag.
 12816 | D:8      | You fall into a shaft and drop 1 floor!
 12828 | D:8      | Found a hide-covered altar of Uskayaw.
 12828 | D:8      | Noticed a two-headed ogre
 12859 | D:8      | Killed a two-headed ogre
 12912 | D:8      | Found Felaohew's Gadget Shoppe.
 12928 | D:8      | Reached * piety under Dithmenos
 13210 | D:8      | Found a snail-covered altar of Cheibriados.
 13646 | D:8      | Found a runed translucent gate.
 13650 | D:8      | Noticed 0gre's ghost (novice GnIE)
 13652 | D:8      | Noticed a deep elf knight
 13652 | D:8      | Noticed a cyan ugly thing
 13823 | D:8      | Killed 0gre's ghost
 13824 | D:8      | Reached XP level 9. HP: 26/34 MP: 3/22
 14151 | D:7      | Slain by a deep elf knight
 14152 | D:7      | Reached XP level 8. HP: -3/31 MP: 18/30
 14494 | D:8      | Killed a cyan ugly thing
 15592 | D:10     | Entered Level 10 of the Dungeon
 15888 | D:10     | Found a staircase to the Orcish Mines.
 15933 | D:10     | Reached ** piety under Dithmenos
 16273 | D:10     | Found a sparkling altar of Nemelex Xobeh.
 16542 | Orc:1    | Entered Level 1 of the Orcish Mines
 16592 | Orc:1    | Noticed an orc sorcerer
 16599 | Orc:1    | Killed from afar by an orc sorcerer

Illustrated notes

Levels and vault maps discovered:
D:1:      elethiomel_arrival_shortcut, layout_basic
D:2:      layout_basic, nzn_wu_jian_council_hall, kennysheep_generic_room_8
D:3:      layout_rooms, uniq_robin
D:4:      old_forge, layout_cave_pools, minmay_bent, uniq_crazy_yiuf_cottage
D:5:      layout_loops_cross, serial_shops, nicolae_shop_trees,
          gup_sewer_entry_spiral, uniq_grinder, uniq_prince_ribbit1,
          uniq_duvessa
D:6:      layout_basic, basic_altar, serial_bayou_lagoon_a, uniq_sigmund,
          uniq_maggie
D:7:      layout_loops_ring, tgw_sif, minmay_temple_entry_tees
D:8:      layout_basic, eat_drink_and_be_merry_uskayaw, lemuel_round_altar,
          david_lair_shrubbed, ebering_ghost_gozag, serial_shops,
          nicolae_shop_waterfront, kennysheep_path_1
D:9:      layout_big_octagon
D:10:     layout_gridville, david_orc_2, nemelex_diamond_rough_becter
Temple:   regret_index_temple_mists
Orc:1:    layout_caves, bh_open_orc_temple, uniq_nergalle, uniq_erolcha

Skill      XL: |  1  2  3  4  5  6  7  8 |
---------------+-------------------------+-----
Stealth        | 3 4 |  4.6
Spellcasting   | 3 4 6 7 9 |  9.1
Summonings     | 5 6 7 9 |  9.2
Unarmed Combat | 1 2 |  2.1
Dodging        | 3 |  3.9
Hexes          | 2 3 4 |  4.0
Fighting       | |  0.4
Evocations     | |  0.7

Action                   |  1- 3 |  4- 6 |  7- 9 || total
-------------------------+-------+-------+-------++-------
Melee: Unarmed           |    14 |    60 |    72 ||   146
       Bite              |     1 |     5 |     6 ||    12
 Cast: Summon Small Mamm |    84 |    61 |    86 ||   231
       Call Imp          |    23 |    57 |   114 ||   194
       Call Canine Famil |     4 |    40 |    69 ||   113
       Summon Guardian G |       |     7 |    69 ||    76
Evoke: Wand              |       |       |     5 ||     5
  Use: Potion            |     3 |     4 |     2 ||     9
       Scroll            |       |    11 |     5 ||    16
 Stab: Sleeping          |     4 |     2 |     5 ||    11
       Distracted        |       |       |     3 ||     3
Armor: Skin              |     1 |    12 |     5 ||    18
Dodge: Dodged            |    26 |   141 |   125 ||   292
